 Dungeon Crawl Stone Soup version 0.15-a0-2388-g9f833ab (console) character file.

190088 MrRokkomies the Minotaur Blade (level 17, 0/156 HPs)
             Began as a Minotaur Artificer on July 31, 2014.
             Was the Champion of Trog.
             Killed from afar by a greater naga (4 damage)
             ... with a poison arrow
             ... on Level 5 of the Snake Pit on Aug 2, 2014.
             The game lasted 03:10:40 (48656 turns).

MrRokkomies the Minotaur Blade (MiAr)              Turns: 48656, Time: 03:10:41

HP   0/156       AC 30     Str 20      XL: 17   Next: 96%
MP   0/30        EV 11     Int  9      God: Trog [******]
Gold 570         SH  0     Dex 14      Spells:  0 memorised, 16 levels left

rFire  + + +     SeeInvis .     a - +4 claymore of Action {flame, rF+}
rCold  . . .     Clarity  .     K - +6 plate armour {rF+}
rNeg   . . .     rCorr    .     (no shield)
rPois  +         rRot     .     q - +1 hat {Spirit}
rElec  .         Spirit   +     L - +0 cloak {rPois}
SustAb .         Warding  .     s - +1 pair of gloves
rMut   .         Stasis   .     e - +1 pair of boots
Gourm  .                        m - amulet of faith
MR     +....                    S - ring of protection from fire
                                h - +4 ring of evasion

@: lethally poisoned, about to teleport, very slightly contaminated, slowed,
constricted, very slow, somewhat resistant to hostile enchantments, extremely
unstealthy
A: retaliatory headbutt, horns 2
a: Burn Spellbooks, Berserk, Trog's Hand, Brothers in Arms, Renounce Religion


You were on level 5 of the Snake Pit.
You worshipped Trog.
Trog was exalted by your worship.
You were very hungry.

You visited 4 branches of the dungeon, and saw 32 of its levels.

You collected 3171 gold pieces.
You spent 2601 gold pieces at shops.

Inventory:

Hand weapons
 a - the +4 claymore of Action (weapon) {flame, rF+}
   (Trog gifted it to you on level 4 of the Lair of Beasts)

   It emits flame when wielded, causing extra injury to most foes and up to
   double damage against particularly susceptible opponents.
   Big, fiery blades are also staple armaments of hydra-hunters.
   It protects you from fire.
 b - a +1 arbalest of freezing
 l - a +5 antimagic claymore
 t - a +0 blowgun
 X - a +2 claymore of holy wrath
Missiles
 w - 12 steel bolts
 y - 3 throwing nets (quivered)
 A - 94 bolts
 M - 35 bolts of flame
 Z - 16 curare-tipped needles
Armour
 e - a +1 pair of boots (worn)
 q - a +1 hat of spirit shield (worn)
 s - a +1 pair of gloves (worn)
 K - a +6 plate armour of fire resistance (worn)
 L - a +0 cloak of poison resistance (worn)
Magical devices
 i - a wand of fireball (3)
 k - a wand of flame (7)
 o - a wand of lightning (0)
 G - a wand of heal wounds (0)
 U - a wand of digging (20)
Comestibles
 f - 12 bread rations
 v - 14 meat rations
 D - 12 fruits
Scrolls
 g - a scroll of enchant weapon
 p - 2 scrolls of recharging
 E - 6 scrolls of remove curse
 N - a scroll of teleportation
 P - a scroll of enchant armour
 Q - 5 scrolls of identify
 T - 6 scrolls of fog
 V - 2 scrolls of vulnerability
Jewellery
 h - a +4 ring of evasion (left hand)
 m - an amulet of faith (around neck)
 u - an uncursed ring of protection from fire
 x - an uncursed ring of sustain abilities
 C - an uncursed amulet of warding {unknown}
 F - an uncursed amulet of resist corrosion
 O - an uncursed ring of see invisible
 S - a ring of protection from fire (right hand)
Potions
 c - 3 potions of resistance
 d - 4 potions of porridge
 j - 6 potions of agility
 n - 8 potions of curing
 r - a potion of cancellation
 z - a potion of brilliance
 B - 6 potions of might
 I - a potion of cure mutation
 J - a potion of flight
Miscellaneous
 Y - a lantern of shadows
Rods
 W - a +2 rod of ignition (3/12)
   (You found it on level 12 of the Dungeon)


   Skills:
 - Level 15.0 Fighting
   Level 1.1(9.8) Short Blades
 - Level 21.0 Long Blades
   Level 4.0 Staves
 * Level 11.4 Crossbows
 - Level 15.0 Armour
 * Level 9.5 Dodging
 - Level 0.7 Stealth
 - Level 15.0 Evocations


You had 16 spell levels left.
You didn't know any spells.

Dungeon Overview and Level Annotations

Branches:
Dungeon (15/15)            Temple (0/1) D:6             Orc (4/4) D:10
    Elf (0/3) Orc:4          Lair (8/8) D:10         Shoals (0/5) Lair:6
  Snake (5/5) Lair:6        Slime (0/6) Lair:7       Vaults (0/5) D:13
 Depths (0/5) D:15

Altars:
Cheibriados
Dithmenos
Elyvilon
Gozag
Kikubaaqudgha
Makhleb
Okawaru
Qazlal
Trog
Beogh
Jiyva

Shops:
D:4 %   D:11 (   D:13 *   D:14 !   Orc:2 :(   Orc:4 *[:[   Snake:3 [!(?*


Innate Abilities, Weirdness & Mutations

You reflexively headbutt those who attack you in melee.
You have a pair of horns on your head.


Message History

The greater naga hits you with a flail.
* * * LOW HITPOINT WARNING * * *
The greater naga constricts you. The naga spits poison at you.
The splash of poison hits you! You resist.
Read which item? (? for menu, Esc to quit)
As you read the scroll of fear, it crumbles to dust.
You assume a fearsome visage.
The naga resists.
The greater naga is unaffected.
The naga looks frightened!
The guardian serpent resists with almost no effort.
The greater naga misses you.
* * * LOW HITPOINT WARNING * * *
The greater naga constricts you.
The guardian serpent gestures with its tail.
The naga blinks!
The naga hits you but does no damage. The greater naga casts a spell at you.
The poison arrow hits you!
You are poisoned.
You partially resist.
You die...

######....####.............## #.
.....))......'............## #.
######)#######......#####'# ##' #
##'#######......# #.# ##.. #
##.......##......#####.####... #
#.........#......#.......#....
####................#.......'....
...+............NS..#..####.#....
)###.........<..@N..#..# #.#....
)# ##........#.N....'ยง.# #.#....
'#####......###.....#.## ##'##[..
).#......#### #######.####......#
..).......## #.N..'......#
...........# ##N###.....C#
...........# #.# #......)
...........# #.# #..)..##
..........## #.# #....###


You could see a greater naga, a guardian serpent and 2 nagas.

Vanquished Creatures
  Asterion (Snake:5)
  A spectral weapon (Snake:5)
  11 greater nagas
  Aizul (Snake:1)
  Gastronok (Orc:4)
  A dire elephant (Lair:8)
  Snorg (Snake:2)
  Fannar (D:12)
  2 ogre magi
  6 hydras
  22 anacondas
  18 naga warriors
  Nessos (D:12)
  Erica (Lair:1)
  7 centaur warriors
  A deep troll shaman (Lair:8)
  11 shock serpents
  11 death yaks
  9 naga sharpshooters
  6 orc high priests
  4 catoblepae
  4 salamander mystics
  A sea snake (Snake:4)
  3 skeletal warriors (D:15)
  2 wizards (D:15)
  2 unseen horrors
  9 naga ritualists
  A necromancer (D:15)
  5 hill giants
  9 mana vipers
  9 orc knights
  18 salamanders
  3 orc sorcerers
  A wolf spider (Lair:5)
  4 cyclopes
  13 guardian serpents
  2 griffons
  5 elephants (Lair:8)
  A queen ant (Lair:7)
  45 black mambas
  Joseph (D:12)
  19 naga magi
  13 spiny frogs
  A torpor snail (Lair:8)
  A gargoyle (D:13)
  A feature mimic (D:15)
  A tengu conjurer (D:14)
  14 komodo dragons
  An efreet (D:13)
  A kobold demonologist (D:14)
  3 fire drakes
  6 trolls
  A hydra zombie (D:14)
  3 polar bears
  Sonja (D:13)
  2 ravens (D:14)
  Prince Ribbit (D:6)
  9 two-headed ogres
  A trapdoor spider zombie (D:15)
  14 slime creatures
  A snapping turtle (Lair:6)
  The ghost of Ololoev the Insei, an average OpTm of Ashenzari (D:3)
  8 blink frogs
  A basilisk (Lair:8)
  2 shadows
  2 trapdoor spiders (D:13)
  A basilisk (shapeshifter) (D:14)
  A hill giant zombie (D:15)
  A deep elf mage (D:12)
  A fire dragon skeleton (D:15)
  A wraith (D:15)
  A griffon skeleton (D:13)
  5 wyverns
  2 steam dragons
  28 yaks
  A deep elf fighter (D:10)
  16 ugly things (D:15)
  7 vampire mosquitoes
  8 hippogriffs
  A human (D:7)
  3 wargs
  5 wolves (Lair:8)
  53 nagas
  Edmund (D:4)
  A mottled dragon (D:14)
  27 water moccasins
  Menkaure (D:4)
  5 soldier ants (Lair:7)
  48 orc warriors
  8 sky beasts
  2 necrophages (D:9)
  2 ice beasts
  2 yellow wasps
  3 black bears
  2 phantoms
  12 porcupines
  13 ogres
  22 centaurs
  10 crocodiles
  A manticore skeleton (D:13)
  A boring beetle (Lair:8)
  18 giant frogs
  Sigmund (D:4)
  4 big kobolds
  Duvessa (D:6)
  A gnoll sergeant (D:8)
  A yaktaur skeleton (D:14)
  5 scorpions
  A cyclops skeleton (D:9)
  A hippogriff zombie (D:10)
  19 killer bees
  A tengu skeleton (D:14)
  A troll skeleton (D:11)
  5 wights (D:9)
  3 eyes of draining (D:12)
  2 electric eels
  A quasit (D:6)
  5 crimson imps
  63 orc priests
  2 jellies
  A basilisk zombie (D:14)
  4 goliath beetles
  8 hounds
  Crazy Yiuf (D:6)
  An elf zombie (D:14)
  11 iguanas
  33 orc wizards
  Natasha (D:4)
  16 worker ants
  24 sheep
  A sky beast zombie (D:7)
  Ijyb (D:3)
  2 ogre skeletons
  A mottled dragon skeleton (D:15)
  A hound zombie (D:9)
  2 hound skeletons
  7 gnolls
  31 adders
  4 giant mites (D:7)
  59 green rats
  3 shadow imps (D:5)
  5 worms
  2 ufetubi (Orc:3)
  An adder zombie (D:9)
  An iguana skeleton (D:3)
  4 giant geckos
  2 oozes
  247 orcs
  32 bats
  13 giant cockroaches
  19 goblins
  19 hobgoblins
  15 jackals
  39 kobolds
  15 quokkas
  10 giant newts
  3 orc skeletons
  An orc zombie (D:5)
  25 rats
  2 rat skeletons (D:7)
  A ballistomycete (D:14)
  A bush (Lair:8)
  A butterfly (Lair:4)
  A fungus (D:6)
  A plant (Lair:4)
1466 creatures vanquished.

Vanquished Creatures (collateral kills)
  A salamander (Snake:3)
  Eustachio (D:6)
  An ogre (D:4)
  Dowan (D:6)
  2 orc priests
  3 gnolls (D:8)
  3 orcs
12 creatures vanquished.

Vanquished Creatures (others)
  A ball lightning (Snake:5)
  A hill giant (Snake:5)
  7 shadows
  An orc (Orc:3)
  A giant spore (D:14)
  2 fungi
  A plant (Lair:3)
14 creatures vanquished.

Grand Total: 1492 creatures vanquished

Notes
Turn   | Place    | Note
--------------------------------------------------------------
     0 | D:1      | MrRokkomies, the Minotaur Artificer, began the quest for the Orb.
     0 | D:1      | Reached XP level 1. HP: 16/16 MP: 1/1
   262 | D:1      | Reached skill level 3 in Evocations
   277 | D:1      | Reached XP level 2. HP: 21/24 MP: 2/2
   745 | D:1      | Reached XP level 3. HP: 15/30 MP: 3/3
  1724 | D:2      | Reached XP level 4. HP: 38/38 MP: 4/4
  1836 | D:2      | Reached skill level 4 in Evocations
  2420 | D:3      | Reached XP level 5. HP: 46/46 MP: 5/5
  2515 | D:3      | Noticed Ijyb
  2561 | D:3      | Killed Ijyb
  2800 | D:3      | Reached skill level 5 in Evocations
  2933 | D:3      | Noticed Ololoev's ghost (average OpTm)
  3000 | D:3      | Killed Ololoev's ghost
  3000 | D:3      | Reached skill level 5 in Fighting
  3000 | D:3      | Reached XP level 6. HP: 39/57 MP: 8/8
  3543 | D:4      | Noticed Edmund
  3573 | D:4      | Noticed Sigmund
  3586 | D:3      | Reached skill level 6 in Fighting
  3735 | D:4      | Reached XP level 7. HP: 63/63 MP: 8/10
  3737 | D:4      | Noticed Menkaure
  3743 | D:4      | Killed Menkaure
  3769 | D:4      | Reached skill level 7 in Fighting
  4055 | D:4      | Killed Edmund
  4149 | D:4      | Killed Sigmund
  4210 | D:4      | Reached XP level 8. HP: 68/74 MP: 12/12
  4362 | D:4      | Found Freefad's Food Boutique.
  4397 | D:4      | Reached skill level 8 in Fighting
  4406 | D:4      | Found an opulent altar of Gozag.
  4406 | D:4      | Found an ancient bone altar of Kikubaaqudgha.
  4478 | D:4      | Noticed Natasha
  4487 | D:4      | Killed Natasha
  4536 | D:5      | Entered Level 5 of the Dungeon
  4702 | D:5      | Found a bloodstained altar of Trog.
  4715 | D:5      | Became a worshipper of Trog the Wrathful
  5192 | D:5      | Reached skill level 9 in Fighting
  5396 | D:6      | Acquired Trog's first power
  5412 | D:6      | Found a snail-covered altar of Cheibriados.
  5418 | D:6      | Noticed Duvessa
  5418 | D:6      | Noticed Dowan
  5432 | D:6      | Killed Dowan
  5467 | D:6      | Killed Duvessa
  5571 | D:6      | Noticed Eustachio
  5582 | D:6      | Killed Eustachio
  5634 | D:6      | Reached XP level 9. HP: 74/85 MP: 17/17
  5650 | D:6      | Reached skill level 10 in Fighting
  5794 | D:6      | Reached skill level 1 in Armour
  5877 | D:6      | Noticed Prince Ribbit
  5888 | D:6      | Killed Prince Ribbit
  5890 | D:6      | Acquired Trog's second power
  6025 | D:6      | Found a staircase to the Ecumenical Temple.
  6383 | D:6      | Noticed Crazy Yiuf
  6404 | D:6      | Killed Crazy Yiuf
  6902 | D:7      | Reached skill level 5 in Armour
  6902 | D:7      | Reached skill level 10 in Evocations
  7618 | D:8      | Reached XP level 10. HP: 33/93 MP: 20/20
  8039 | D:8      | Acquired Trog's third power
  8325 | D:8      | Found a white marble altar of Elyvilon.
  8384 | D:8      | Found a burning altar of Makhleb.
  8384 | D:8      | Noticed a balrug
  8461 | D:8      | Found a burning altar of Makhleb.
  8462 | D:8      | Found a shadowy altar of Dithmenos.
  8462 | D:8      | Found a white marble altar of Elyvilon.
  9008 | D:8      | Found a stormy altar of Qazlal.
  9068 | D:8      | Reached skill level 11 in Evocations
  9337 | D:9      | Reached skill level 1 in Staves
  9628 | D:9      | Received a gift from Trog
 10322 | D:9      | Reached skill level 10 in Armour
 11264 | D:10     | Entered Level 10 of the Dungeon
 11570 | D:10     | Received a gift from Trog
 11725 | D:10     | Reached XP level 11. HP: 76/99 MP: 7/21
 12037 | D:10     | Found a roughly hewn altar of Beogh.
 12039 | D:10     | Found a staircase to the Orcish Mines.
 12286 | D:10     | Received a gift from Trog
 12375 | D:10     | Found a staircase to the Lair.
 12384 | D:10     | Reached skill level 12 in Armour
 12476 | Lair:1   | Entered Level 1 of the Lair of Beasts
 12512 | Lair:1   | Reached skill level 1 in Long Blades
 12529 | Lair:1   | Noticed Erica
 12534 | Lair:1   | Killed Erica
 12647 | Lair:1   | Noticed a five-headed hydra
 12655 | Lair:1   | Killed a two-headed hydra
 12655 | Lair:1   | Reached skill level 5 in Long Blades
 13914 | Lair:2   | Noticed a six-headed hydra
 13930 | Lair:2   | Killed a hydra
 14312 | Lair:2   | Received a gift from Trog
 14312 | Lair:2   | Reached skill level 10 in Long Blades
 15137 | Lair:2   | Reached XP level 12. HP: 70/106 MP: 23/23
 16191 | Lair:3   | Found an iron altar of Okawaru.
 16633 | Lair:3   | Reached skill level 13 in Long Blades
 17226 | Lair:4   | Received a gift from Trog
 17227 | Lair:4   | Got a bloodstained claymore {god gift}
 17228 | Lair:4   | Identified the +4 claymore of Action {flame, rF+} (Trog gifted it to you on level 4 of the Lair of Beasts)
 17549 | Lair:4   | Reached skill level 14 in Long Blades
 19293 | Lair:5   | Reached skill level 15 in Long Blades
 19827 | Lair:6   | Received a gift from Trog
 19955 | Lair:6   | Reached XP level 13. HP: 108/113 MP: 23/23
 20394 | Lair:6   | Found a staircase to the Snake Pit.
 20655 | Lair:6   | Reached skill level 16 in Long Blades
 20864 | Lair:6   | Found a staircase to the Shoals.
 21282 | Lair:7   | Reached skill level 17 in Long Blades
 21291 | Lair:7   | Received a gift from Trog
 21762 | Lair:7   | Found a viscous altar of Jiyva.
 21762 | Lair:7   | Found a staircase to the Slime Pits.
 22439 | Lair:8   | Entered Level 8 of the Lair of Beasts
 22553 | Lair:8   | Reached skill level 18 in Long Blades
 22718 | Lair:8   | Received a gift from Trog
 23869 | Lair:8   | Reached skill level 19 in Long Blades
 23928 | Lair:8   | Reached XP level 14. HP: 47/121 MP: 24/24
 24181 | Lair:8   | Noticed a dire elephant
 24194 | Lair:8   | Killed a dire elephant
 25087 | Orc:1    | Entered Level 1 of the Orcish Mines
 25251 | Orc:1    | Received a gift from Trog
 25607 | Orc:2    | Found Udghampe's Antique Weapon Shoppe.
 26170 | Orc:2    | Bought a glowing arbalest for 99 gold pieces
 26253 | Orc:2    | Received a gift from Trog
 26281 | Orc:2    | Found Twoapp's Book Emporium.
 26750 | Orc:3    | Reached skill level 20 in Long Blades
 27164 | Orc:3    | Received a gift from Trog
 27305 | Orc:3    | HP: 3/121 [orc high priest/divine providence (13)]
 28124 | Orc:2    | Received a gift from Trog
 28655 | Orc:4    | Entered Level 4 of the Orcish Mines
 28655 | Orc:4    | Noticed Gastronok
 28705 | Orc:4    | Killed Gastronok
 28870 | Orc:4    | Received a gift from Trog
 29047 | Orc:4    | Found a staircase to the Elven Halls.
 29134 | Orc:4    | Received a gift from Trog
 29646 | Orc:4    | Received a gift from Trog
 29899 | Orc:4    | Found a roughly hewn altar of Beogh.
 31208 | Orc:4    | Received a gift from Trog
 31239 | Orc:4    | Found Gitsiret's Antique Armour Shoppe.
 31239 | Orc:4    | Found Kluxt's Antique Armour Emporium.
 31241 | Orc:4    | Found Hinto's Assorted Antiques.
 31242 | Orc:4    | Found Uphaam's Book Emporium.
 31249 | Orc:4    | Bought a pink potion for 26 gold pieces
 31256 | Orc:4    | Bought a glowing plate armour for 851 gold pieces
 32097 | D:11     | Found Ilexe's Weapon Emporium.
 32180 | D:11     | Received a gift from Trog
 32625 | D:12     | Noticed Nessos
 32635 | D:12     | Killed Nessos
 32741 | D:12     | Reached skill level 21 in Long Blades
 32924 | D:12     | Noticed Joseph
 33037 | D:12     | Identified a +0 rod of ignition (11/11) (You found it on level 12 of the Dungeon)
 33246 | D:12     | Noticed Fannar
 33270 | D:12     | Killed Fannar
 33270 | D:12     | Reached XP level 15. HP: 126/126 MP: 8/25
 33638 | D:13     | Found a gate to the Vaults.
 33640 | D:13     | Noticed Sonja
 33674 | D:13     | Killed Sonja
 33799 | D:13     | Received a gift from Trog
 34249 | D:13     | Found Ozemy's General Store.
 34871 | D:13     | Reached skill level 15 in Armour
 35250 | D:14     | Found Hatuesis' Distillery.
 35307 | D:14     | Bought a potion of cancellation for 104 gold pieces
 35356 | D:14     | Received a gift from Trog
 35886 | D:15     | Entered Level 15 of the Dungeon
 35931 | D:15     | Found Blaicuph's Gadget Shoppe.
 35938 | D:15     | Blaicuph's Gadget Shoppe was a mimic.
 36940 | D:15     | Found a staircase to the Depths.
 37122 | D:15     | Received a gift from Trog
 37574 | D:12     | Killed Joseph
 37901 | Snake:1  | Entered Level 1 of the Snake Pit
 37991 | Snake:1  | Noticed Aizul
 38011 | Snake:1  | Killed Aizul
 39077 | Snake:2  | Received a gift from Trog
 39319 | Snake:2  | Reached XP level 16. HP: 145/145 MP: 28/28
 39710 | Snake:2  | Noticed Snorg
 39717 | Snake:2  | Killed Snorg
 40126 | Snake:3  | Received a gift from Trog
 40690 | Snake:3  | Found Smabbuid's Antique Armour Shop.
 40692 | Snake:3  | Found Zajoh's Distillery.
 40701 | Snake:3  | Bought a runed hat for 120 gold pieces
 40719 | Snake:3  | Found Luppugus' Magic Scroll Shop.
 40721 | Snake:3  | Found Klahaimn's Assorted Antiques.
 40730 | Snake:3  | Bought a scroll of torment for 157 gold pieces
 40730 | Snake:3  | Bought a scroll of vulnerability for 157 gold pieces
 40744 | Snake:3  | Bought a scroll of blinking for 217 gold pieces
 40744 | Snake:3  | Bought a tubular ivory ring for 145 gold pieces
 40744 | Snake:3  | Bought a lantern of shadows for 580 gold pieces
 40744 | Snake:3  | Bought an encrusted granite ring for 145 gold pieces
 40950 | Snake:3  | Found Claud's Antique Weapon Emporium.
 41608 | Snake:3  | Reached skill level 15 in Fighting
 41826 | Snake:4  | Reached skill level 1 in Crossbows
 42001 | Snake:4  | Received a gift from Trog
 43095 | Snake:4  | Reached skill level 5 in Crossbows
 44307 | Snake:4  | Received a gift from Trog
 44548 | Snake:5  | Entered Level 5 of the Snake Pit
 44549 | Snake:5  | Upgraded the game from 0.15-a0-2352-g26abbdd to 0.15-a0-2374-gaadabb3
 44575 | Snake:5  | Noticed Asterion
 44579 | Snake:5  | Noticed a spectral weapon
 44599 | Snake:5  | Noticed a spectral weapon
 44605 | Snake:5  | Killed a spectral weapon
 44606 | Snake:5  | Noticed a spectral weapon
 44618 | Snake:5  | Killed Asterion
 44768 | Snake:5  | Reached XP level 17. HP: 116/156 MP: 25/30
 44807 | Snake:5  | Reached skill level 15 in Evocations
 45599 | Snake:5  | Received a gift from Trog
 45840 | Snake:5  | Reached skill level 5 in Dodging
 46499 | Snake:5  | Received a gift from Trog
 46723 | Snake:5  | Upgraded the game from 0.15-a0-2374-gaadabb3 to 0.15-a0-2388-g9f833ab
 47060 | Snake:5  | Reached skill level 10 in Crossbows
 47447 | Snake:5  | Received a gift from Trog
 48007 | Snake:5  | Received a gift from Trog
 48266 | Snake:5  | Received a gift from Trog
 48613 | Snake:5  | Received a gift from Trog
 48656 | Snake:5  | HP: 4/156 [greater naga/flail (5)]
 48656 | Snake:5  | Killed from afar by a greater naga

Action                   |  1- 3 |  4- 6 |  7- 9 | 10-12 | 13-15 | 16-18 || total
-------------------------+-------+-------+-------+-------+-------+-------++-------
Melee: Short sword       |   164 |     8 |       |       |       |       ||   172
       Mace              |       |   168 |    46 |       |       |       ||   214
       Unarmed           |       |     4 |       |       |       |       ||     4
       Flail             |       |       |   237 |    85 |       |       ||   322
       Long sword        |       |       |   207 |   168 |       |       ||   375
       Morningstar       |       |       |       |   124 |       |       ||   124
       Quarterstaff      |       |       |       |   111 |       |       ||   111
       Scimitar          |       |       |       |   544 |   125 |       ||   669
       Claymore          |       |       |       |    61 |  1624 |   911 ||  2596
       Great sword       |       |       |       |       |    99 |       ||    99
 Fire: Blowgun           |       |       |    18 |    29 |       |       ||    47
       Arbalest          |       |       |       |       |     2 |    83 ||    85
Throw: Javelin           |       |     3 |       |    11 |    16 |       ||    30
Invok: Berserk           |       |       |     1 |     2 |     2 |     3 ||     8
       Burn Spellbooks   |       |       |       |     3 |     3 |     1 ||     7
       Trog's Hand       |       |       |       |       |       |     6 ||     6
       Brothers in Arms  |       |       |       |       |       |     1 ||     1
Evoke: Wand              |     5 |    12 |    39 |    26 |    12 |    14 ||   108
       Rod               |       |       |       |       |     8 |    11 ||    19
  Use: Scroll            |     2 |     4 |    12 |    13 |    22 |    16 ||    69
       Potion            |       |       |     2 |     3 |     5 |     5 ||    15
 Stab: Confused          |     1 |     3 |     8 |     6 |       |       ||    18
       Paralysed         |       |     3 |       |       |       |       ||     3
       Distracted        |       |     1 |     1 |       |       |     2 ||     4
       Invisible         |       |       |       |       |     5 |       ||     5
  Eat: Chunk             |     3 |     7 |    12 |    34 |    54 |    28 ||   138
       Fruit             |       |       |     1 |     1 |     9 |     2 ||    13
       Beef jerky        |       |       |       |     2 |     2 |     1 ||     5
       Meat ration       |       |       |       |     1 |       |     1 ||     2
       Pizza             |       |       |       |       |     7 |     1 ||     8
       Bread ration      |       |       |       |       |     1 |       ||     1
